 Dungeon Crawl Stone Soup version 0.19.4-9-g45fd643 (webtiles) character file.

970 LORDOFBUTT the Chopper (level 7, -7/96 HPs)
             Began as a Minotaur Fighter on Feb 17, 2017.
             Mangled by Chudwraith's ghost (10 damage)
             ... in an ossuary.
             The game lasted 00:04:21 (2461 turns).

LORDOFBUTT the Chopper (Minotaur Fighter)           Turns: 2461, Time: 00:04:21

Health: -7/96      AC: 25    Str: 21    XL:     7   Next: 94%
Magic:  6/6        EV:  2    Int:  5    God:
Gold:   216        SH: 10    Dex: 11    Spells: 0 memorised, 6 levels left

rFire  . . .     SeeInvis .     a - +0 war axe
rCold  . . .     Gourm    .     (armour currently unavailable)
rNeg   + + +     Faith    .     c - +0 shield
rPois  +         Spirit   .     (helmet currently unavailable)
rElec  .         Reflect  .     (cloak currently unavailable)
rCorr  .         Harm     .     (gloves currently unavailable)
MR     .....     NoTele   +     (boots currently unavailable)
Stlth  +.........               (no amulet)
                                u - +2 ring of protection
                                (no ring)

@: tree-form
A: (retaliatory headbutt), (horns 0)
a: no special abilities


You were in an ossuary.
You were not hungry.
You were a tree.
You visited 1 branch of the dungeon, and saw 5 of its levels.
You also visited: Ossuary.

You collected 216 gold pieces.

Inventory:

Hand Weapons
 a - a +0 war axe (weapon)
 A - a +0 blowgun
Missiles
 B - 17 poisoned needles
Armour
 b - a +0 scale mail (melded)
 c - a +0 shield (worn)
 y - a +0 pair of boots (melded)
Jewellery
 g - a -3 ring of protection
 u - a +2 ring of protection (right branch)
Scrolls
 d - a scroll of amnesia {unknown}
 e - 2 scrolls of remove curse
 k - 5 scrolls of identify {unknown}
 l - 2 scrolls of teleportation {unknown}
 m - 2 scrolls of fear
 q - 2 scrolls of recharging {unknown}
 r - 2 scrolls of enchant weapon {unknown}
 v - a scroll of fog {unknown}
 z - a scroll of noise {unknown}
 C - a scroll of blinking {unknown}
 E - a scroll of magic mapping {unknown}
Potions
 i - 2 potions of curing
 j - a potion of degeneration {unknown}
 n - a potion of mutation {unknown}
 o - a potion of brilliance
 s - 2 potions of cure mutation
Books
 x - a book of Necromancy

   Spells                             Type                      Level
   a - Pain                           Necromancy                   1
   b - Animate Skeleton               Necromancy                   1
   c - Vampiric Draining              Necromancy                   3
   d - Regeneration                   Charms/Necromancy            3
   e - Animate Dead                   Necromancy                   4
   f - Control Undead                 Necromancy                   4
 D - a book of Minor Magic

   Spells                             Type                      Level
   a - Magic Dart                     Conjuration                  1
   b - Blink                          Translocation                2
   c - Call Imp                       Summoning                    2
   d - Repel Missiles                 Charms/Air                   2
   e - Slow                           Hexes                        2
   f - Conjure Flame                  Conjuration/Fire             3
   g - Mephitic Cloud                 Conjuration/Poison/Air       3
Comestibles
 f - 2 bread rations
 h - 3 chunks of flesh
 w - 4 meat rations


   Skills:
 + Level 6.3 Fighting
 * Level 7.1 Axes
 + Level 6.2 Armour
 + Level 5.8 Shields


You had 6 spell levels left.
You didn't know any spells.

Dungeon Overview and Level Annotations

Branches:
Dungeon (5/15)             Temple (0/1) D:5

Altars:
Qazlal

Annotations:
Ossuary Chudwraith's ghost, novice TrWz


Innate Abilities, Weirdness & Mutations

((You reflexively headbutt those who attack you in melee.))
((You have a pair of horns on your head.))


Message History

Your +0 scale mail melds into your body.
Your roots penetrate the ground.
Chudwraith's ghost says, "There is no future for me!"
Chudwraith's ghost hits you but does no damage.
You are too injured to fight recklessly!
You are too injured to fight recklessly!
You closely miss Chudwraith's ghost.
Chudwraith's ghost is lightly damaged.
Chudwraith's ghost hits you.
* * * LOW HITPOINT WARNING * * *
Chudwraith's ghost hits you!
* * * LOW HITPOINT WARNING * * *
You closely miss Chudwraith's ghost.
Chudwraith's ghost is lightly damaged.
Chudwraith's ghost hits you!
* * * LOW HITPOINT WARNING * * *
You barely miss Chudwraith's ghost.
Chudwraith's ghost is lightly damaged.
Chudwraith's ghost hits you!
You die...

### ##### ###
#!!!?#...#..∩#
+!$$!#.∩♣WZ..#
#!??!#...#Z..#
### ##### ..#
.# #


You could see Chudwraith's ghost, a kobold zombie and an orc zombie.

Vanquished Creatures
  The ghost of darthinebriated the Cleaver, a novice MiFi of Uskayaw (D:5)
  A hornet (D:3)
  A sky beast (D:5)
  A hound (D:4)
  2 orc wizards (D:5)
  An iguana (D:4)
  Natasha (thrice) (D:3)
  A hound skeleton (D:4)
  6 adders
  An ooze (D:2)
  3 worms
  A dart slug (D:2)
  4 leopard geckos
  4 orcs
  8 bats
  5 giant cockroaches
  3 goblins
  9 hobgoblins
  7 jackals
  A quokka (D:3)
  2 ball pythons
  A ball python skeleton (D:4)
  3 frilled lizards
  5 kobolds
  A quokka skeleton (D:4)
  4 rats (D:1)
79 creatures vanquished.

Vanquished Creatures (others)
  5 toadstools (D:1)
5 creatures vanquished.

Grand Total: 84 creatures vanquished

Notes
Turn   | Place    | Note
-------+----------+-------------------------------------------
     0 | D:1      | LORDOFBUTT the Minotaur Fighter began the quest for the Orb.
     0 | D:1      | Reached XP level 1. HP: 19/19 MP: 0/0
    90 | D:1      | Reached XP level 2. HP: 27/27 MP: 1/1
   143 | D:1      | Reached skill level 3 in Axes
   416 | D:1      | Reached XP level 3. HP: 33/33 MP: 2/2
  1112 | D:2      | Found a faded altar of an unknown god.
  1294 | D:3      | Found a stormy altar of Qazlal.
  1313 | D:3      | Reached XP level 4. HP: 37/40 MP: 3/3
  1322 | D:3      | Noticed Natasha
  1328 | D:3      | Killed Natasha
  1370 | D:3      | Noticed Natasha
  1379 | D:3      | Killed Natasha
  1379 | D:3      | Reached skill level 4 in Axes
  1386 | D:3      | Noticed a hornet
  1391 | D:3      | Reached XP level 5. HP: 10/47 MP: 4/4
  1391 | D:3      | HP: 2/47 [hornet (8)]
  1396 | D:3      | Killed a hornet
  1396 | D:3      | Reached skill level 5 in Fighting
  1396 | D:3      | Reached skill level 5 in Axes
  1396 | D:3      | Reached skill level 5 in Armour
  1396 | D:3      | Reached XP level 6. HP: 40/56 MP: 5/5
  1435 | D:3      | Noticed Natasha
  1439 | D:3      | Killed Natasha
  2224 | D:5      | Entered Level 5 of the Dungeon
  2224 | D:5      | Found a staircase to the Ecumenical Temple.
  2239 | D:5      | Noticed a sky beast
  2259 | D:5      | Killed a sky beast
  2259 | D:5      | Reached skill level 6 in Axes
  2259 | D:5      | Reached skill level 5 in Shields
  2259 | D:5      | Reached XP level 7. HP: 14/62 MP: 6/6
  2400 | D:5      | Noticed darthinebriated's ghost (novice MiFi)
  2422 | D:5      | Killed darthinebriated's ghost
  2422 | D:5      | Reached skill level 7 in Axes
  2439 | D:5      | Found a sand-covered staircase.
  2452 | Ossuary  | Entered an ossuary
  2455 | Ossuary  | Noticed Chudwraith's ghost (novice TrWz)
  2460 | Ossuary  | HP: 3/96 [Chudwraith's ghost (16)]
  2461 | Ossuary  | Mangled by Chudwraith's ghost

Skill      XL: |  1  2  3  4  5  6  7 |
---------------+----------------------+-----
Axes           | 3 4 5 6 7 |  7.1
Armour         | 4 5 6 |  6.2
Fighting       | 4 5 6 |  6.3
Shields        | 4 5 |  5.8

Action                   |  1- 3 |  4- 6 |  7- 9 || total
-------------------------+-------+-------+-------++-------
Melee: War axe           |    78 |    95 |    28 ||   201
       Headbutt          |    10 |    21 |     1 ||    32
  Use: Scroll            |     2 |       |       ||     2
       Potion            |       |     5 |     5 ||    10
  Eat: Chunk             |     1 |     1 |     2 ||     4
       Pizza             |       |     1 |       ||     1
Armor: Scale mail        |    42 |    39 |     1 ||    82
       Skin              |       |       |    23 ||    23
Dodge: Dodged            |    17 |    32 |     3 ||    52
Block: Shield            |    55 |    50 |    22 ||   127
